 Dungeon Crawl Stone Soup version 0.32-a0-711-g016ad74 (webtiles) character file.

Game seed: 4239316802861953708

49 PidgeyThePirate the Shooter (level 3, -3/27 HPs)
             Began as a Coglin Hunter on Mar 15, 2024.
             Slain by Natasha (5 damage)
             ... on level 2 of the Dungeon.
             The game lasted 00:02:14 (828 turns).

PidgeyThePirate the Shooter (Coglin Hunter)          Turns: 828, Time: 00:02:15

Health: -3/27      AC:  4    Str: 13    XL:     3   Next: 77%
Magic:  3/3        EV: 11    Int:  8    God:
Gold:   42         SH:  0    Dex: 17    Spells: 2/2 levels left

rFire   . . .        a - +2 sling {Leticia}
rCold   . . .        d - +0 sling {Rubén}
rNeg    . . .        c - +0 leather armour
rPois   .            (no helmet)
rElec   .            o - +0 cloak
rCorr   .            (no gloves)
SInv    .            (no boots)
Will    .....        (amulet unavailable)
Stlth   ++           (ring unavailable)
HPRegen 0.24/turn    (ring unavailable)
MPRegen 0.08/turn    (no gizmo)

%: no passive effects
@: slowed, revved, very slow
A: off-hand wielding, slow wielding, warmup strikes, no jewellery
a: Invent Gizmo


You were on level 2 of the Dungeon.
You visited 1 branch of the dungeon, and saw 2 of its levels.

You collected 42 gold pieces.

Inventory:

Hand Weapons
 a - a +2 sling (weapon) {Leticia}
 d - a +0 sling (offhand) {Rubén}
Armour
 c - a +0 leather armour (worn)
 o - a +0 cloak (worn)
Wands
 n - a wand of roots (9)
Scrolls
 b - a scroll of butterflies
 i - a scroll of identify {unknown}
 j - a scroll of fear {unknown}
 k - a scroll of acquirement {unknown}
 l - a scroll of poison {unknown}
Potions
 e - a potion of haste {unknown}
 f - a potion of berserk rage {unknown}
 g - a potion of degeneration {unknown}
 h - a potion of curing
 m - 2 potions of heal wounds {unknown}
 p - a potion of attraction {unknown}


   Skills:
 + Level 2.2 Fighting
 + Level 4.6 Ranged Weapons
 + Level 0.2 Armour
 + Level 1.8 Dodging
 + Level 0.8 Stealth


You had 2 spell levels left.
You didn't know any spells.
Your spell library contained the following spells:

 Spells                   Type           Power      Damage    Failure   Level
 Slow                     Hex            0%         N/A       50%         1
 Sting                    Conj/Alch      0%         1d3       50%         1
 Mercury Vapours          Alch/Air       0%         N/A       63%         2
 Confusing Touch          Hex            0%         N/A       86%         3
 Vampiric Draining        Necr           0%         2d6       86%         3
 Olgreb's Toxic Radiance  Alch           0%         N/A       99%         4


Dungeon Overview and Level Annotations

Branches:
Dungeon (2/15)

Altars:

Annotations:
D:2 Natasha


Innate Abilities, Weirdness & Mutations

You can wield a second weapon in your off-hand.
It takes a long time for you to wield or remove held weapons.
Your first few attacks do less damage.
You cannot equip rings or amulets.


Message History

Natasha casts a spell at you.
You feel yourself slow down.
You shoot a sling bullet.
The sling bullet hits Natasha but does no damage.
You shoot a sling bullet. The sling bullet barely misses Natasha.
You shoot a sling bullet.
The sling bullet closely misses Natasha.
You shoot a sling bullet.
The sling bullet closely misses Natasha.
Natasha claws you!
You shoot a sling bullet.
The sling bullet hits Natasha but does no damage.
You shoot a sling bullet. The sling bullet barely misses Natasha.
Natasha closely misses you.
Natasha casts a spell.
You shoot a sling bullet.
The sling bullet closely misses Natasha.
You shoot a sling bullet. The sling bullet hits Natasha.
Natasha is lightly wounded.
Natasha completely misses you.
The cerulean imp hits you from afar with a +2 spear.
Natasha misses you.
You shoot a sling bullet. The sling bullet hits Natasha!
Natasha is heavily wounded.
You shoot a sling bullet. The sling bullet hits Natasha!
Natasha is almost dead.
The cerulean imp hits you but does no damage.
Natasha casts a spell at you. The magic dart hits you!
* * * LOW HITPOINT WARNING * * *
The cerulean imp completely misses you. Natasha casts a spell at you.
The magic dart hits you!
* * * LOW HITPOINT WARNING * * *
It was a potion of curing.
You feel better.
The cerulean imp hits you from afar with a +2 spear.
* * * LOW HITPOINT WARNING * * *
Natasha claws you.
You die...
Natasha curls up and begins to purr.

########.....#..
##....#...####......#
......#...####......####
#.......................
#.......................
#.......................
#.#####.........5.......
#.#####..........h......
................@######
......#####...........#
....÷.<...............#
...÷÷.#.....>.........#
)...................[.#
..................#####
.†................#
............#.....#
...........##....##


You could see Natasha and a cerulean imp (summoned).

Vanquished Creatures
  An adder (D:2)
  2 dart slugs (D:1)
  A ribbon worm (D:2)
  5 ball pythons
  3 bats
  An endoplasm (D:1)
  2 giant cockroaches (D:1)
  A goblin (D:2)
  5 hobgoblins
  4 jackals (D:2)
  2 frilled lizards
  3 kobolds
  3 rats (D:1)
33 creatures vanquished.

Notes
Turn   | Place    | Note
-------+----------+-------------------------------------------
     0 | D:1      | PidgeyThePirate the Coglin Hunter began the quest for the
                  | Orb.
     0 | D:1      | Reached XP level 1. HP: 16/16 MP: 1/1
   168 | D:1      | Reached XP level 2. HP: 22/22 MP: 2/2
   192 | D:1      | Reached skill level 4 in Ranged Weapons
   431 | D:1      | Reached XP level 3. HP: 27/27 MP: 3/3
   820 | D:2      | Noticed Natasha
   827 | D:2      | HP: 1/27 [Natasha/magic dart (7)]
   828 | D:2      | Slain by Natasha

Illustrated notes

Levels and vault maps discovered:
D:1:      minmay_arrival_solitary_statue, layout_loops_ring,
          hangedman_decor_clover_reticule
D:2:      layout_basic, kennysheep_generic_room_11, uniq_natasha

Skill      XL: |  1  2 |
---------------+-------+-----
Ranged Weapons | 4 |  4.6
Fighting       | |  2.2
Armour         | |  0.2
Dodging        | |  1.8
Stealth        | |  0.8

Action                     || total
---------------------------++-------
   Fire: Sling             ||   144
    Use: Potion            ||     1
 Armour: Leather armour    ||    23
  Dodge: Dodged            ||     8

Table legend: (Time is in decaauts)
 A = Elapsed time spent in this place.
 B = Non-inter-level travel time spent in this place.
 C = Inter-level travel time spent in this place.
 D = Time resting spent in this place.
 E = Time spent auto-exploring this place.
 F = Levels seen in this place.
 G = Mean time per level.
                   A        B        C        D        E       F      G
               +--------+--------+--------+--------+--------+-----+--------+
         Total |    846 |    815 |     31 |      0 |    639 |   2 |  423.0 |
       Dungeon |    846 |    815 |     31 |      0 |    639 |   2 |  423.0 |
               +--------+--------+--------+--------+--------+-----+--------+

Top non-repeatable levels by time:
     D:1: 602 daAuts
     D:2: 244 daAuts
